Map: Ruins of Endion

Players

DudeAustin - Winner!

  • Race: Terran Terran
  • League: Diamond

blackxored

  • Race: Zerg Zerg
  • League: Diamond

VOD

Have the link to the VOD?

Description

Time

  • Played on: July 1, 2016, 11:06 p.m.
  • Length: 7:27
Show
View Real Time Build Order
Export as new Build Order

DudeAustin Terran - Winner!

Build Orders:  

Get SALT Encoding   

  12  0:01  SCV  
  13  0:13  SCV  
  14  0:23  Supply Depot  
  14  0:25  SCV  
  15  0:31  Refinery  
  15  0:46  Engineering Bay, SCV  
  16  1:07  Refinery  
  16  1:09  Barracks  
  16  1:18  SCV  
  17  1:28  Refinery  
  17  1:30  SCV  
  18  1:42  SCV  
  19  1:54  SCV  
  19  1:55  Barracks  
  19  1:57  Barracks Tech Lab  
  19  2:00  Supply Depot  
  20  2:09  Orbital Command  
  20  2:23  Factory  
  20  2:35  Marine  
  21  2:37  SCV  
  22  2:46  Supply Depot  
  22  2:49  SCV  
  23  2:53  Marine  
  24  2:59  Bunker  
  24  3:02  SCV  
  25  3:08  Siege Tank  
  25  3:11  Marine  
  29  3:21  Supply Depot  
  29  3:29  Marine  
  30  3:34  SCV  
  30  3:35  Starport  
  30  3:36  Starport  
  31  3:46  SCV  
  32  3:50  Marine  
  32  3:53  Widow Mine  
  35  3:58  SCV  
  36  4:07  Marine  
  37  4:15  Starport Tech Lab x2  
  37  4:22  Widow Mine  
  39  4:33  Banshee x2  
  39  4:35  Cloaking Field  
  45  4:40  Command Center  
  45  4:42  Supply Depot  
  45  4:49  Engineering Bay, SCV  
  46  5:16  Banshee x2  
  52  5:28  SCV  
  53  5:41  SCV  
  54  5:52  Command Center  
  54  5:53  SCV  
  54  5:54  Refinery  
  55  5:59  Banshee x2  
  61  6:05  SCV  
  54  6:17  SCV  
  49  6:36  Supply Depot  
  49  6:40  Supply Depot  
  49  6:41  SCV, Banshee  
  53  6:50  SCV  
  54  6:55  SCV  
  55  7:02  SCV  
  55  7:05  Marine  
  55  7:07  SCV  
Show
View Real Time Build Order
Export as new Build Order

blackxored Zerg 

Build Orders: Pool First, Ravager All-In 

Get SALT Encoding   

  12  0:01  Drone  
  13  0:08  Drone  
  14  0:17  Overlord  
  14  0:23  Extractor  
  14  0:24  Drone  
  15  0:38  Drone x2  
  17  0:51  Extractor  
  17  0:55  Spawning Pool, Drone  
  16  0:57  Drone  
  17  1:06  Drone  
  18  1:19  Overlord  
  18  1:30  Drone  
  19  1:41  Queen  
  19  1:45  Drone  
  22  1:47  Roach Warren  
  21  2:09  Overlord  
  21  2:27  Zergling x4  
  23  2:30  Roach  
  23  2:36  Extractor  
  24  2:48  Drone  
  24  2:49  Hatchery  
  24  2:53  Roach x2  
  24  2:54  Roach  
  30  3:09  Roach  
  32  3:16  Ravager  
  32  3:17  Ravager x2  
  32  3:19  Roach  
  37  3:26  Overlord  
  37  3:33  Ravager  
  38  3:42  Overlord  
  38  3:51  Metabolic Boost  
  38  4:05  Roach x2  
  38  4:06  Roach  
  44  4:11  Overlord  
  44  4:21  Ravager  
  45  4:28  Overlord  
  45  4:32  Ravager  
  46  4:46  Zergling x16  
  46  4:51  Ravager  
  55  5:00  Spore Crawler  
  55  5:02  Drone  
  55  5:03  Drone x4  
  59  5:12  Zergling x2  
  60  5:15  Zergling x2  
  60  5:20  Zergling x2  
  62  5:25  Zergling x2  
  63  5:30  Zergling x4  
  63  5:31  Zergling x2  
  63  5:34  Zergling x2  
  67  5:41  Overlord  
  57  6:06  Zergling x14  
  49  6:19  Zergling x6  
  34  6:32  Spore Crawler  
  34  6:36  Zergling x4  
  35  6:44  Zergling x2  
  35  6:45  Zergling x2  
  33  7:04  Zergling x6  
  33  7:05  Zergling x6  
  38  7:11  Spore Crawler  
  38  7:13  Spore Crawler  
Tags
 
Add a new tag
Caveats
  • Supply blocks, unpowered buildings, or Contaminate may cause inaccurate times.
  • Supply counts are checked every 10 seconds.